 Dungeon Crawl Stone Soup version 0.29-a0-1047-g7c58e119a4 (webtiles) character file.

Game seed: 14960216694841313193

1463 siradein the Trooper (level 8, -1/74 HPs)
             Began as a Ghoul Monk on Aug 16, 2022.
             Was a Believer of Makhleb.
             Slain by Pikel
             ... wielding a +1 whip of freezing
              (3 damage)
             ... on level 6 of the Dungeon.
             The game lasted 00:11:12 (6067 turns).

siradein the Trooper (Ghoul Monk)                   Turns: 6067, Time: 00:11:13

Health: -1/74      AC:  6    Str: 17    XL:     8   Next: 77%
Magic:  9/9        EV: 11    Int: 11    God:    Makhleb [**....]
Gold:   247        SH:  0    Dex: 11    Spells: 7/7 levels left

rFire   x . .      SeeInvis .     - Unarmed
rCold   + + .      Faith    .   k - orb {light}
rNeg    + + +      Spirit   .   g - +0 ring mail
rPois   ∞          Reflect  .   m - +0 helmet
rElec   .          Harm     .   (no cloak)
rCorr   .          Rampage  .   (no gloves)
Will    .....                   (no boots)
Stlth   +.........              (no amulet)
HPRegen 0.00/turn               i - +6 ring of intelligence
MPRegen 0.11/turn               n - ring of ice

@: inhibited regen, glowing
A: claws 1, cold resistance 1, negative energy resistance 3, inhibited
regeneration, torment resistance 2, devour on kill
a: Renounce Religion, Minor Destruction


You were on level 6 of the Dungeon.
You worshipped Makhleb.
Makhleb was pleased with you.
You visited 2 branches of the dungeon, and saw 7 of its levels.

You collected 247 gold pieces.

Inventory:

Missiles
 p - 2 silver boomerangs
 s - a throwing net
Armour
 c - a +2 pair of gloves
 g - a +0 ring mail (worn)
 j - a +0 tower shield
 k - an orb of light (worn)
 m - a +0 helmet (worn)
Jewellery
 i - a +6 ring of intelligence (left claw)
 n - a ring of ice (right claw)
Wands
 l - a wand of charming (9)
 t - a wand of iceblast (6)
Scrolls
 a - 2 scrolls of enchant weapon
 f - a scroll of immolation {unknown}
 o - 2 scrolls of poison
 r - a scroll of magic mapping {unknown}
 u - a scroll of brand weapon {unknown}
 v - a scroll of identify
 w - a scroll of teleportation {unknown}
Potions
 d - 2 potions of curing
 e - 2 potions of magic
 h - a potion of degeneration {unknown}
 q - 2 potions of brilliance


   Skills:
 + Level 7.7 Fighting
 + Level 2.6 Armour
 + Level 4.0 Dodging
 - Level 2.1 Stealth
 + Level 7.6 Unarmed Combat
 + Level 3.2 Invocations


You had 7 spell levels left.
You didn't know any spells.
Your spell library contained the following spells:

 Spells                   Type           Power      Damage    Failure   Level
 Magic Dart               Conj           0%         1d3       54%         1
 Necrotise                Necr           0%         1d4       54%         1
 Call Imp                 Summ           0%         N/A       67%         2
 Mephitic Cloud           Conj/Pois/Air  0%         N/A       88%         3
 Vampiric Draining        Necr           0%         2d6       88%         3
 Agony                    Necr           0%         N/A       100%        5


Dungeon Overview and Level Annotations

Branches:
Dungeon (6/15)             Temple (1/1) D:5

Altars:
Ashenzari
Cheibriados
Dithmenos
Fedhas
Gozag
Hepliaklqana
Kikubaaqudgha
Makhleb
Qazlal
Ru
Sif Muna
Vehumet
Wu Jian
Xom
Yredelemnul

Shops:
D:1 =

Annotations:
D:2 1 runed translucent door, Crazy Yiuf
D:6 1 transporter, Pikel; Valamore's ghost, novice FoFi


Innate Abilities, Weirdness & Mutations

You are immune to poison.
You have sharp fingernails.
Your flesh is cold resistant. (rC+)
You are immune to negative energy. (rN+++)
You do not regenerate when monsters are visible.
You are immune to unholy pain and torment.
You thrive by killing the living.


Message History

The lemure is heavily wounded.
The lemure hits you.
* * * LOW HITPOINT WARNING * * *
You closely miss the lemure.
The lemure is heavily wounded.
The lemure barely misses you.
You claw the lemure!
The lemure is severely wounded.
The lemure closely misses you.
You scratch the lemure.
The lemure is severely wounded.
The lemure hits you but does no damage.
You claw the lemure!
You kill the lemure!
That felt strangely unrewarding.
You claw Pikel!
Pikel is heavily wounded.
You closely miss Pikel.
Pikel is heavily wounded.
Pikel says, "Hell isn't that bad."
Pikel hits you with a +1 whip of freezing.
* * * LOW HITPOINT WARNING * * *
Pikel freezes you.
* * * LOW HITPOINT WARNING * * *
You scratch Pikel.
Pikel is severely wounded.
Pikel hits you with a +1 whip of freezing.
* * * LOW HITPOINT WARNING * * *
Unknown command.
You feel more attuned to ice.
n - a ring of ice (right claw) Pikel hits you with a +1 whip of freezing!
* * * LOW HITPOINT WARNING * * *
Pikel freezes you.
* * * LOW HITPOINT WARNING * * *
Unknown command.
You claw Pikel!
Pikel is almost dead.
Pikel hits you with a +1 whip of freezing.
You die...

......####...####.###############
..##### #...# #.###WO..)$$....#
..# #...# #...#OO##...##..# ..#
#####...# #####.#..#.#..#.# ..#
#.......## #####.#..#.#..#.#
#.##...)<# #...#..##...##..#
##.##[###)# #.### #.....#
#.###.############ ##
#..#..###..K@....#.......# #.
###).#.......##.##.#.###.#.###.
#..........#.##..........#.....
###.#.##.##............##########
..[......>........##...#
###.#.##..........####.#
##.#.##..........####.#
#..#.#####............# #.##.#
#..)......####.#


You could see Pikel.

Vanquished Creatures
  Menkaure (D:6)
  A black bear (D:6)
  An ice beast (D:5)
  2 ogres
  2 phantoms
  4 lemures (D:6)
  Blork the orc (D:4)
  2 bullfrogs (D:6)
  A gnoll sergeant (D:3)
  2 scorpions
  2 jellies
  2 hounds (D:6)
  2 iguanas (D:5)
  10 gnolls
  12 adders
  An ufetubus (D:4)
  A worm (D:3)
  3 dart slugs
  6 orcs
  6 ball pythons
  6 endoplasms
  4 giant cockroaches
  7 goblins
  12 hobgoblins
  4 jackals
  7 kobolds
  3 quokkas
  7 bats
  4 frilled lizards
  6 rats
122 creatures vanquished.

Notes
Turn   | Place    | Note
-------+----------+-------------------------------------------
     0 | D:1      | siradein the Ghoul Monk began the quest for the Orb.
     0 | D:1      | Reached XP level 1. HP: 19/19 MP: 0/0
   143 | D:1      | Found Hoant's Jewellery Shop.
   296 | D:1      | Reached XP level 2. HP: 26/26 MP: 1/1
   728 | D:1      | Reached XP level 3. HP: 33/33 MP: 2/2
  1372 | D:2      | Reached XP level 4. HP: 41/41 MP: 3/3
  1613 | D:2      | Found a runed translucent door.
  1614 | D:2      | Noticed Crazy Yiuf
  1676 | D:2      | You fall into a shaft and drop 2 floors!
  2034 | D:2      | Reached XP level 5. HP: 47/47 MP: 4/4
  2227 | D:3      | Reached skill level 5 in Fighting
  2316 | D:3      | Reached skill level 5 in Unarmed Combat
  2318 | D:3      | Found a shadowy altar of Dithmenos.
  2355 | D:3      | Found an ancient bone altar of Kikubaaqudgha.
  3064 | D:4      | Noticed Blork the orc
  3075 | D:4      | Killed Blork the orc
  3076 | D:4      | Reached XP level 6. HP: 30/57 MP: 5/5
  3713 | D:5      | Entered Level 5 of the Dungeon
  3808 | D:5      | Reached XP level 7. HP: 55/64 MP: 6/6
  4064 | D:5      | Found a staircase to the Ecumenical Temple.
  4108 | Temple   | Entered the Ecumenical Temple
  4200 | Temple   | Became a worshipper of Makhleb the Destroyer
  4200 | Temple   | Reached * piety under Makhleb
  4200 | Temple   | Reached ** piety under Makhleb
  4561 | D:5      | Found an opulent altar of Gozag.
  4742 | D:5      | Reached skill level 1 in Armour
  4742 | D:5      | Reached skill level 1 in Invocations
  5029 | D:6      | Reached XP level 8. HP: 62/73 MP: 8/8
  5298 | D:6      | Noticed Menkaure
  5304 | D:6      | Killed Menkaure
  5516 | D:6      | Found a transporter.
  5518 | D:6      | Noticed Valamore's ghost (novice FoFi)
  5521 | D:6      | Identified the +8 dire flail of Hasozoc {freeze, rN+ Dex+2}
  5521 | D:6      | Noticed a two-headed ogre
  5996 | D:6      | Noticed Pikel
  6066 | D:6      | HP: 3/74 [Pikel/+1 whip of freezing (8)]
  6067 | D:6      | Slain by Pikel

Illustrated notes

Levels and vault maps discovered:
D:1:      onia_arrival_mini_maze_b, layout_loops_ring, serial_shops, shop
D:2:      minmay_spotlight, layout_basic, grunt_ministairs_8,
          uniq_crazy_yiuf_cottage
D:3:      layout_basic, mainiacjoe_overflow_big_doors, st_stairs_7
D:4:      layout_rooms, lightli_minifort, uniq_blork_the_orc
D:5:      layout_basic, grunt_temple_overflow_diamond,
          minmay_temple_entry_butterflies
D:6:      layout_loops_cross, gammafunk_ghost_smash, uniq_menkaure, uniq_pikel
Temple:   regret_index_temple_waves

Skill      XL: |  1  2  3  4  5  6  7  8 |
---------------+-------------------------+-----
Fighting       | 4 5 6 7 |  7.7
Unarmed Combat | 4 5 6 7 |  7.6
Armour         | 1 2 |  2.6
Dodging        | 3 4 |  4.0
Invocations    | 1 3 |  3.2
Stealth        | |  2.1

Action                   |  1- 3 |  4- 6 |  7- 9 || total
-------------------------+-------+-------+-------++-------
Melee: Unarmed           |   121 |   245 |   169 ||   535
       Punch             |     1 |     6 |       ||     7
  Use: Scroll            |       |     6 |     2 ||     8
       Potion            |       |       |     1 ||     1
 Stab: Sleeping          |     6 |     6 |       ||    12
Armor: Robe              |    32 |     4 |       ||    36
       Leather armour    |       |    82 |       ||    82
       Ring mail         |       |     8 |    54 ||    62
Dodge: Dodged            |    76 |   158 |    88 ||   322

Table legend: (Time is in decaauts)
 A = Elapsed time spent in this place.
 B = Non-inter-level travel time spent in this place.
 C = Inter-level travel time spent in this place.
 D = Time resting spent in this place.
 E = Time spent auto-exploring this place.
 F = Levels seen in this place.
 G = Mean time per level.
                   A        B        C        D        E       F      G
               +--------+--------+--------+--------+--------+-----+--------+
         Total |   6021 |   5724 |    297 |      0 |   4676 |   7 |  860.1 |
       Dungeon |   5893 |   5627 |    266 |      0 |   4605 |   6 |  982.2 |
        Temple |    127 |     97 |     30 |      0 |     71 |   1 |  127.0 |
               +--------+--------+--------+--------+--------+-----+--------+

Top non-repeatable levels by time:
     D:1: 1243 daAuts
     D:5: 1162 daAuts
     D:6: 1045 daAuts
     D:3: 1035 daAuts
     D:4: 864 daAuts
     D:2: 542 daAuts
  Temple: 127 daAuts
